Map: Neon Violet Square LE

Players

Juxtapose

  • Race: Zerg Zerg
  • League: Platinum
  • Spawn Location: 5:00

azneyes - Winner!

  • Race: Protoss Protoss
  • League: Platinum
  • Spawn Location: 11:00

VOD

https://youtu.be/DPBlcY5xYU8

Description

This was a fun match, but I handled that big engagement poorly. I should have pulled back instead of pressing in and getting trapped by Force Fields.

More Lurkers would have helped as well.

Time

  • Played on: Feb. 19, 2018, 9:35 a.m.
  • Length: 13:06
Show
View Real Time Build Order
Export as new Build Order

Juxtapose Zerg 

Build Orders: Hatch First, Lurkers 

Get SALT Encoding   

  12  0:01  Drone  
  13  0:08  Drone  
  14  0:18  Overlord  
  14  0:36  Drone x2  
  14  0:40  Overlord  
  16  1:00  Hatchery  
  16  1:02  Drone  
  16  1:11  Extractor  
  15  1:17  Drone  
  16  1:23  Spawning Pool  
  15  1:28  Drone  
  15  1:30  Drone  
  17  1:36  Drone  
  18  1:48  Drone  
  18  1:52  Drone  
  20  1:58  Extractor  
  19  2:02  Drone  
  20  2:10  Queen  
  20  2:13  Zergling x2  
  23  2:18  Metabolic Boost  
  23  2:24  Spore Crawler  
  23  2:26  Drone  
  23  2:27  Zergling x2  
  24  2:37  Zergling x2  
  25  2:39  Spore Crawler  
  24  2:47  Queen  
  25  2:54  Zergling x4  
  25  2:58  Drone  
  28  3:04  Drone  
  29  3:06  Drone  
  30  3:17  Drone x3  
  33  3:27  Overlord  
  33  3:48  Drone x6  
  39  4:01  Overlord  
  39  4:05  Roach Warren  
  39  4:08  Drone x2  
  40  4:17  Queen  
  40  4:35  Drone x4  
  44  4:40  Lair  
  44  4:45  Evolution Chamber  
  44  4:47  Roach x4  
  51  4:56  Overlord  
  51  4:57  Overlord  
  51  5:04  Drone  
  52  5:16  Overlord x2  
  52  5:17  Overlord  
  52  5:24  Pneumatized Carapace  
  52  5:29  Roach x4  
  52  5:33  Extractor  
  52  5:34  Extractor  
  52  5:35  Roach x2  
  62  5:46  Zerg Missile Weapons Level 1  
  62  5:48  Overlord x2  
  62  6:02  Drone x2  
  62  6:03  Drone x2  
  67  6:18  Drone x3  
  67  6:19  Zergling x2, Drone  
  71  6:36  Hydralisk Den  
  70  6:41  Glial Reconstitution  
  70  6:43  Roach x4  
  78  6:48  Queen  
  80  7:01  Overlord x2  
  80  7:04  Roach x3  
  80  7:06  Ravager x2  
  80  7:07  Ravager  
  89  7:16  Hydralisk, Grooved Spines  
  89  7:17  Overlord  
  89  7:18  Overlord  
  91  7:27  Drone x3  
  94  7:31  Drone x3  
  97  7:50  Hydralisk x2  
  97  7:51  Hydralisk  
  101  7:53  Hydralisk  
  105  8:05  Hatchery  
  105  8:09  Hydralisk  
  105  8:10  Hydralisk x3  
  112  8:23  Zerg Ground Armor Level 1  
  112  8:25  Lurker Den  
  111  8:45  Muscular Augments  
  111  8:59  Hydralisk x5  
  111  9:00  Hydralisk  
  111  9:01  Overlord x3  
  123  9:05  Burrow  
  123  9:21  Hydralisk x3  
  123  9:22  Hydralisk x2  
  133  9:43  Drone x5  
  138  10:01  Overseer x3  
  138  10:11  Lurker x2  
  138  10:12  Lurker x2  
  142  10:16  Zerg Missile Weapons Level 2  
  142  10:17  Hydralisk x3  
  142  10:18  Drone x3  
  142  10:19  Drone x3  
  154  10:48  Extractor  
  154  10:49  Overlord x3  
  153  10:50  Overlord, Hydralisk, Extractor  
  153  10:55  Infestation Pit  
  144  11:44  Hydralisk x3, Roach x5  
  144  11:45  Hydralisk x6  
  154  12:18  Hydralisk x3  
  154  12:19  Hydralisk x3  
  154  12:20  Roach x6, Zergling x2  
  154  12:21  Zergling x4  
Show
View Real Time Build Order
Export as new Build Order

azneyes Protoss - Winner!

Build Orders: Oracle Opening 

Get SALT Encoding   

  12  0:03  Probe  
  13  0:15  Probe  
  14  0:22  Pylon  
  14  0:27  Probe  
  15  0:40  Probe (Chrono Boost)  
  15  0:42  Gateway  
  16  0:43  Assimilator  
  17  0:50  Probe (Chrono Boost)  
  17  0:57  Probe (Chrono Boost)  
  18  1:09  Probe (Chrono Boost)  
  19  1:17  Probe (Chrono Boost)  
  20  1:19  Pylon  
  20  1:21  Assimilator  
  20  1:24  Probe  
  21  1:31  Cybernetics Core  
  21  1:36  Probe  
  22  1:59  Nexus  
  22  2:03  Probe (Chrono Boost)  
  23  2:14  Probe (Chrono Boost), Adept  
  26  2:20  Probe (Chrono Boost)  
  27  2:28  Stargate  
  27  2:33  Probe  
  28  2:45  Probe  
  28  2:47  Adept  
  31  3:03  Warp Gate (Chrono Boost)  
  31  3:04  Pylon  
  31  3:05  Pylon  
  31  3:11  Probe  
  33  3:12  Probe  
  33  3:15  Sentry  
  33  3:19  Oracle (Chrono Boost)  
  35  3:23  Probe  
  39  3:35  Probe  
  39  3:38  Gateway  
  39  3:40  Shield Battery  
  40  3:41  Gateway  
  38  4:06  Probe (Chrono Boost)  
  40  4:11  Probe (Chrono Boost), Adept  
  40  4:16  Assimilator  
  43  4:17  Probe (Chrono Boost)  
  43  4:20  Probe (Chrono Boost), Assimilator  
  43  4:21  Phoenix  
  43  4:22  Probe  
  43  4:23  Pylon  
  48  4:31  Probe (Chrono Boost)  
  48  4:35  Probe (Chrono Boost)  
  48  4:46  Probe (Chrono Boost)  
  48  4:48  Probe (Chrono Boost)  
  48  4:57  Robotics Facility  
  48  4:59  Twilight Council  
  48  5:01  Forge  
  48  5:02  Pylon  
  48  5:05  Zealot x3  
  54  5:07  Probe (Chrono Boost)  
  54  5:08  Probe (Chrono Boost)  
  56  5:18  Probe (Chrono Boost)  
  56  5:19  Probe (Chrono Boost)  
  58  5:23  Probe x2 (Chrono Boost)  
  58  5:24  Shield Battery  
  58  5:26  Pylon  
  60  5:40  Nexus  
  60  5:44  Stalker x2  
  60  5:48  Observer  
  60  5:49  Charge  
  65  5:52  Protoss Ground Weapons Level 1  
  65  5:55  Sentry  
  67  5:59  Probe x2  
  69  6:10  Immortal (Chrono Boost)  
  69  6:17  Zealot x2  
  69  6:18  Zealot  
  79  6:20  Probe  
  80  6:26  Pylon  
  80  6:31  Templar Archives  
  80  6:40  Pylon, Forge  
  80  6:50  Immortal  
  84  6:58  Zealot  
  84  6:59  Zealot x2  
  90  7:06  Psionic Storm  
  90  7:07  Probe  
  90  7:08  Probe  
  92  7:10  Probe  
  93  7:17  Assimilator  
  93  7:20  Probe x2, Assimilator  
  93  7:22  High Templar x3  
  97  7:29  Observer (Chrono Boost)  
  102  7:34  Gateway  
  102  7:36  Gateway  
  102  7:37  Blink (Chrono Boost)  
  102  7:54  Immortal, Protoss Ground Weapons Level 2 (Chrono Boost)  
  102  7:58  Protoss Ground Armor Level 1 (Chrono Boost)  
  106  8:09  High Templar  
  106  8:12  Nexus  
  108  8:15  Pylon  
  108  8:17  Pylon  
  108  8:19  Assimilator  
  108  8:37  High Templar x2  
  110  8:50  Gateway  
  110  8:52  Sentry x2, Gateway  
  110  8:53  Gateway  
  110  8:54  Zealot  
  115  9:09  Probe x3  
  118  9:19  Sentry  
  118  9:20  Sentry x2  
  118  9:21  Probe x3  
  127  9:27  Pylon  
  127  9:29  Pylon  
  126  9:31  Pylon  
  126  9:38  Pylon  
  126  9:40  Pylon  
  126  9:42  Pylon  
  126  9:46  Immortal (Chrono Boost)  
  126  9:47  Probe  
  131  10:03  Zealot x3  
  131  10:04  Zealot x5  
  147  10:11  Nexus  
  147  10:16  Probe  
  148  10:28  Gateway  
  148  10:31  Shield Battery  
  148  10:34  Gateway  
  148  10:37  Gateway  
  148  10:39  Pylon  
  148  10:41  Pylon  
  147  10:44  High Templar x6  
  147  10:45  Zealot x2  
  147  10:48  Archon x3  
  163  10:58  Archon  
  163  11:15  Pylon  
  163  11:19  Phoenix  
  163  11:20  Phoenix  
  163  11:30  Observer (Chrono Boost)  
  164  11:34  Zealot x2  
  164  11:35  Zealot x6  
  180  11:43  Observer (Chrono Boost)  
  180  12:07  Zealot  
  134  12:26  Archon  
  134  12:27  Archon  
  134  12:29  Zealot x2  
  126  12:30  Zealot  
  126  12:35  Zealot x2  
  136  12:50  Zealot x3  
  136  12:51  Zealot x2  
  144  12:53  Assimilator  
  144  12:58  Assimilator  
Tags
 
Add a new tag
Caveats
  • Supply blocks, unpowered buildings, or Contaminate may cause inaccurate times.
  • Supply counts are checked every 10 seconds.